 Dungeon Crawl Stone Soup version 0.22.1-1-ga44c0e5 (webtiles) character file.

490 dohliylev the Chopper (level 6, 0/55 HPs)
             Began as a Minotaur Fighter on Sept 26, 2018.
             Was a Follower of Kikubaaqudgha.
             Succumbed to a scorpion's poison
             ... on level 4 of the Dungeon.
             The game lasted 00:09:05 (2198 turns).

dohliylev the Chopper (Minotaur Fighter)            Turns: 2198, Time: 00:09:06

Health: 0/55       AC:  7    Str: 22    XL:     6   Next: 90%
Magic:  5/5        EV:  8    Int:  5    God:    Kikubaaqudgha [*.....]
Gold:   78         SH: 10    Dex: 10    Spells: 5/5 levels left

rFire    + . .     SeeInvis .   m - +1 hand axe (chop)
rCold    + . .     Gourm    .   c - +0 shield
rNeg     . . .     Faith    .   b - +0 scale mail
rPois    .         Spirit   .   (helmet restricted)
rElec    .         Reflect  .   k - scarf {rC+ rF+}
rCorr    .         Harm     .   (no gloves)
MR       .....                  (no boots)
Stlth    ..........             (no amulet)
HPRegen  0.18/turn              (no ring)
MPRegen  0.09/turn              (no ring)

@: lethally poisoned (0 -> -3)
A: retaliatory headbutt, horns 2
a: Receive Corpses, Renounce Religion


You were on level 4 of the Dungeon.
You worshipped Kikubaaqudgha.
Kikubaaqudgha was aware of your devotion.
You were not hungry.

You visited 1 branch of the dungeon, and saw 4 of its levels.

You collected 78 gold pieces.

Inventory:

Hand Weapons
 m - a +1 hand axe of chopping (weapon)
Armour
 b - a +0 scale mail (worn)
 c - a +0 shield (worn)
 k - a scarf of resistance (worn)
Scrolls
 a - 2 scrolls of magic mapping {unknown}
 e - 5 scrolls of identify {unknown}
 h - 2 scrolls of teleportation {unknown}
 n - 2 scrolls of amnesia {unknown}
 p - a scroll of blinking {unknown}
 q - 2 scrolls of immolation {unknown}
Potions
 d - a potion of might
 g - 2 potions of mutation {unknown}
 i - a potion of flight {unknown}
 j - a potion of curing {unknown}
 l - a potion of heal wounds {unknown}
 o - a potion of agility {unknown}
 r - 2 potions of degeneration {unknown}
 s - a potion of brilliance {unknown}
Comestibles
 f - 7 rations
 t - 4 chunks of flesh


   Skills:
 + Level 4.8 Fighting
 + Level 5.7 Axes
 - Level 5.0 Armour
 + Level 1.9 Dodging
 + Level 5.7 Shields


You had 5 spell levels left.
You didn't know any spells.
Your spell library contained the following spells:

 Spells                   Type           Power        Failure   Level  Hunger
 Animate Skeleton         Necr           N/A          99%         1    ##.....
 Pain                     Necr           #...         99%         1    ##.....
 Sublimation of Blood     Necr           #.........   100%        2    ###....
 Regeneration             Chrm/Necr      #.........   100%        3    ####...


Dungeon Overview and Level Annotations

Branches:
Dungeon (4/15)
 Temple: D:4-7

Altars:
Ashenzari
Fedhas
Gozag
Kikubaaqudgha
Ru
Zin
The Shining One


Innate Abilities, Weirdness & Mutations

You reflexively headbutt those who attack you in melee.
You have a pair of horns on your head.


Message History

The scorpion is severely wounded.
The scorpion stings you!
* * * LOW HITPOINT WARNING * * *
You completely miss the scorpion.
The scorpion is severely wounded.
You block the scorpion's attack.
You barely miss the scorpion.
The scorpion is severely wounded.
The scorpion stings you!
* * * LOW HITPOINT WARNING * * *
You are poisoned.
The scorpion poisons you! The scorpion closely misses you.
You hit the scorpion.
The scorpion is severely wounded.
You feel sick. The scorpion stings you.
* * * LOW HITPOINT WARNING * * *
You barely miss the scorpion. You headbutt the scorpion.
The scorpion is severely wounded.
You die...
Kikubaaqudgha rasps: "You have failed me!
Welcome... death!"

#............# #...
#............# #...
#............# #...
####............####...
##..##.<....####......##
#....รท......#..'......#.
#....#......#..#......#.
######......#.##......#.
######<.#.@..###'#.....###.
#.......#.s..#...#.....#...
#.......#....+...#.....#...
###+##'##....##'##.....#...
....................########
....................'.......
....................#.......
....................#####...
........................#...


You could see a scorpion.

Vanquished Creatures
  Grinder (D:3)
  A jelly (D:3)
  Natasha (thrice) (D:3)
  A worker ant (D:4)
  4 gnolls (D:2)
  4 adders
  An ooze (D:3)
  2 worms (D:4)
  A dart slug (D:2)
  2 leopard geckos
  7 orcs (D:3)
  4 bat zombies (D:2)
  A giant cockroach (D:2)
  9 goblins
  12 hobgoblins
  8 jackals
  6 kobolds
  4 quokkas
  A ball python (D:3)
  5 bats
  4 frilled lizards
  4 rats
  A rat zombie (D:2)
86 creatures vanquished.

Notes
Turn   | Place    | Note
-------+----------+-------------------------------------------
     0 | D:1      | dohliylev the Minotaur Fighter began the quest for the Orb.
     0 | D:1      | Reached XP level 1. HP: 19/19 MP: 0/0
   148 | D:1      | Reached XP level 2. HP: 20/27 MP: 1/1
   706 | D:2      | Reached XP level 3. HP: 30/33 MP: 2/2
   716 | D:2      | Reached XP level 4. HP: 21/40 MP: 3/3
  1022 | D:2      | Found an ancient bone altar of Kikubaaqudgha.
  1030 | D:2      | Became a worshipper of Kikubaaqudgha
  1117 | D:2      | Found a glowing golden altar of the Shining One.
  1222 | D:2      | Found a sacrificial altar of Ru.
  1365 | D:3      | Noticed Grinder
  1537 | D:3      | Killed Grinder
  1537 | D:3      | Reached skill level 1 in Dodging
  1537 | D:3      | Reached skill level 5 in Shields
  1537 | D:3      | Reached XP level 5. HP: 36/47 MP: 4/4
  1537 | D:3      | Reached XP level 6. HP: 41/53 MP: 5/5
  1607 | D:3      | Noticed Natasha
  1619 | D:3      | Killed Natasha
  1619 | D:3      | Reached skill level 5 in Axes
  1619 | D:3      | Reached * piety under Kikubaaqudgha
  1619 | D:3      | Identified Kikubaaqudgha's Guide on Dark Rites
                  | (Kikubaaqudgha gifted it to you on level 3 of the Dungeon)
  1619 | D:3      | Received a gift from Kikubaaqudgha
  1744 | D:3      | Noticed Natasha
  1754 | D:3      | Killed Natasha
  1764 | D:3      | Noticed Natasha
  1768 | D:3      | Killed Natasha
  1843 | D:3      | Found a glowing silver altar of Zin.
  1952 | D:4      | Found a blossoming altar of Fedhas.
  1952 | D:4      | Found a shattered altar of Ashenzari.
  2107 | D:4      | Reached skill level 5 in Armour
  2147 | D:3      | Found an opulent altar of Gozag.
  2197 | D:4      | HP: 1/55 [scorpion (4)]
  2198 | D:4      | Succumbed to a scorpion's poison

Skill      XL: |  1  2  3  4  5  6 |
---------------+-------------------+-----
Armour         | 4 5 |  5.0
Shields        | 4 5 |  5.7
Fighting       | 4 |  4.8
Axes           | 3 4 5 |  5.7
Dodging        | 1 |  1.9

Action                   |  1- 3 |  4- 6 || total
-------------------------+-------+-------++-------
Melee: War axe           |    51 |    13 ||    64
       Headbutt          |    11 |    26 ||    37
       Hand axe          |       |   140 ||   140
  Eat: Chunk             |       |     4 ||     4
Armor: Scale mail        |    33 |    64 ||    97
Dodge: Dodged            |    19 |    47 ||    66
Block: Shield            |    30 |    83 ||   113
